 Dungeon Crawl Stone Soup version 0.28.0-53-g5a82cb258f (webtiles) character file.

Game seed: 8818690283074306437

31381 Peloso the Carver (level 13, -9/117 HPs)
             Began as a Minotaur Fighter on July 15, 2022.
             Was a High Priest of Okawaru.
             Mangled by a 20-headed hydra (12 damage)
             ... on level 12 of the Dungeon.
             The game lasted 00:33:10 (16235 turns).

Peloso the Carver (Minotaur Fighter)               Turns: 16235, Time: 00:33:12

Health: -9/117     AC: 30    Str: 23    XL:     13   Next: 25%
Magic:  13/14      EV: 14    Int:  5    God:    Okawaru [*****.]
Gold:   1584       SH:  8    Dex: 16    Spells: 12/12 levels left

rFire   . . .      SeeInvis .   t - +12 hand axe of the Enchanted Forest {vamp, rPois rCorr Dex+3}
rCold   + + .      Faith    .   c - +0 buckler
rNeg    . . .      Spirit   .   o - +2 chain mail {rC+}
rPois   +          Reflect  .   (helmet restricted)
rElec   .          Harm     .   p - +0 cloak
rCorr   +          Rampage  .   P - +3 pair of gloves "Picugrol" {rPois}
Will    .....                   j - +2 pair of boots
Stlth   +.........              (no amulet)
HPRegen 0.29/turn               m - +4 ring of protection
MPRegen 0.14/turn               r - ring of protection from cold

@: heroic
A: horns 2, retaliatory headbutt
a: Renounce Religion, Heroism, Finesse, Duel


You were on level 12 of the Dungeon.
You worshipped Okawaru.
Okawaru was extremely pleased with you.
You visited 2 branches of the dungeon, and saw 14 of its levels.
You also visited: Bailey and Ice Cave.

You collected 1584 gold pieces.

Inventory:

Hand Weapons
 a - a +1 demon blade of freezing
 t - the +12 hand axe of the Enchanted Forest (weapon) {vamp, rPois rCorr Dex+3}
   (You found it on level 7 of the Dungeon)

   It occasionally heals its wielder for a portion of the damage dealt when it
   wounds a living foe.
   Dex:       It affects your dexterity (+3).
   rPois:     It protects you from poison.
   rCorr:     It protects you from acid and corrosion.
Armour
 b - a +0 chain mail
 c - a +0 buckler (worn)
 j - a +2 pair of boots (worn)
 o - a +2 chain mail of cold resistance (worn)
 p - a +0 cloak (worn)
 F - a +0 chain mail of cold resistance
 O - a +0 plate armour
 P - the +3 pair of gloves "Picugrol" (worn) {rPois}
   (Okawaru gifted it to you on level 12 of the Dungeon)

   rPois:     It protects you from poison.
Jewellery
 l - a ring of magical power
 m - a +4 ring of protection (left hand)
 r - a ring of protection from cold (right hand)
 x - a +6 ring of dexterity
 B - a ring of positive energy
 G - a ring of resist corrosion
 I - a ring of flight
 M - a ring of willpower
 N - the amulet "Pelijem" {RegenMP rF+ rCorr Str-2}
   (You found it in an ice cave)

   [amulet of magic regeneration]

   It increases your rate of magic regeneration.
   Str:       It affects your strength (-2).
   rF:        It protects you from fire.
   rCorr:     It protects you from acid and corrosion.
Wands
 w - a wand of acid (7)
 D - a wand of flame (13)
 E - a wand of polymorph (6)
 K - a wand of iceblast (5)
Scrolls
 f - a scroll of holy word
 h - a scroll of blinking
 i - 5 scrolls of fog
 q - 2 scrolls of fear
 v - 2 scrolls of teleportation
 y - a scroll of enchant armour
 z - a scroll of silence
 A - a scroll of immolation
 C - 2 scrolls of identify
 L - a scroll of amnesia
Potions
 d - 3 potions of might
 e - a potion of berserk rage
 g - 3 potions of haste
 k - 2 potions of heal wounds
 n - 8 potions of curing
 s - 4 potions of mutation
 u - a potion of invisibility {unknown}
 H - a potion of brilliance {unknown}
 J - a potion of magic {unknown}
Miscellaneous
 Q - a box of beasts


   Skills:
 + Level 11.6(16.6) Fighting
 + Level 14.5(19.5) Long Blades
 + Level 10.6(15.6) Axes
 + Level 12.8(17.8) Armour
 + Level 5.6(10.6) Dodging
 + Level 2.4(7.4) Stealth
 + Level 10.4(15.4) Shields
 + Level 2.6 Invocations
 + Level 0.1 Evocations


You had 12 spell levels left.
You didn't know any spells.
Your spell library contained the following spells:

 Spells                   Type           Power      Damage    Failure   Level
 Corpse Rot               Necr/Air       0%         N/A       98%         2
 Poisonous Vapours        Pois/Air       0%         N/A       98%         2
 Sublimation of Blood     Necr           0%         N/A       98%         2
 Wereblood                Tmut           0%         N/A       98%         2
 Ozocubu's Armour         Ice            0%         N/A       100%        3
 Passage of Golubria      Tloc           0%         N/A       100%        4
 Petrify                  Tmut/Erth      0%         N/A       100%        4
 Irradiate                Conj/Tmut      0%         3d13      100%        5
 Metabolic Englaciation   Hex/Ice        0%         N/A       100%        5
 Silence                  Hex/Air        0%         N/A       100%        5
 Lehudib's Crystal Spear  Conj/Erth      0%         10d2      100%        8
 Simulacrum               Ice/Necr       Unusable   N/A       N/A         6
 Summon Hydra             Summ           Unusable   N/A       N/A         7

Dungeon Overview and Level Annotations

Branches:
Dungeon (13/15)            Temple (1/1) D:4            Lair (0/6) D:11
    Orc (0/2) D:11         Vaults (0/5) D:13         Bailey (visited)
  IceCv (visited)

Altars:
Ashenzari
Cheibriados
Dithmenos
Elyvilon
Fedhas
Gozag
Hepliaklqana
Kikubaaqudgha
Makhleb
Nemelex Xobeh
Okawaru
Qazlal
Ru
Sif Muna
Trog
Uskayaw
Vehumet
Wu Jian
Xom
Yredelemnul
Zin
The Shining One
Beogh

Shops:
D:1 [   D:8 *


Innate Abilities, Weirdness & Mutations

You have a pair of horns on your head.
You reflexively headbutt those who attack you in melee.


Message History

You hack one of the 19-headed hydra's heads off!
The 18-headed hydra grows two more!
You slash the 20-headed hydra!
The 20-headed hydra is almost dead.
You block the 20-headed hydra's attack. x2; The 20-headed hydra bites you.
You block the 20-headed hydra's attack. The 20-headed hydra bites you!
The 20-headed hydra bites you but does no damage.
The 20-headed hydra bites you!
* * * LOW HITPOINT WARNING * * *
The 20-headed hydra bites you but does no damage.
The 20-headed hydra bites you.
* * * LOW HITPOINT WARNING * * *
The 20-headed hydra barely misses you.
The 20-headed hydra bites you but does no damage. x2
The 20-headed hydra bites you!
* * * LOW HITPOINT WARNING * * *
The 20-headed hydra bites you but does no damage. x5
The 20-headed hydra closely misses you.
The 20-headed hydra bites you but does no damage.
You completely miss the 20-headed hydra.
You headbutt the 20-headed hydra!
The 20-headed hydra is almost dead.
You barely miss the 20-headed hydra.
The 20-headed hydra is almost dead.
The 20-headed hydra bites you.
* * * LOW HITPOINT WARNING * * *
The 20-headed hydra bites you but does no damage.
The 20-headed hydra closely misses you. You block the 20-headed hydra's attack.
The 20-headed hydra bites you but does no damage.
You block the 20-headed hydra's attack. The 20-headed hydra bites you.
* * * LOW HITPOINT WARNING * * *
The 20-headed hydra misses you.
The 20-headed hydra completely misses you.
The 20-headed hydra bites you.
* * * LOW HITPOINT WARNING * * *
The 20-headed hydra bites you but does no damage. x3
The 20-headed hydra closely misses you. You block the 20-headed hydra's attack.
The 20-headed hydra bites you.
* * * LOW HITPOINT WARNING * * *
The 20-headed hydra closely misses you. The 20-headed hydra bites you!
You die...

#..............
#..............
...
#>.............
...
#..............
...
#..............
...
#..............
...
#.........[....
...
#..............
...
#..@..........
...
#..D.........
...
#............
...
#............
...
#............
...
#....#.......
...
#.....#.....
... ##...# ....
...


You could see a 20-headed hydra.

Vanquished Creatures
  Nessos (D:13)
  Snorg (D:11)
  4 vault guards (D:13)
  3 boulder beetles
  3 two-headed ogres
  Sonja (D:13)
  3 skeletal warriors (D:13)
  A wizard (D:9)
  An orc knight (D:11)
  A manticore (D:12)
  3 ugly things
  A cyclops (D:11)
  2 ice statues (IceCv)
  A gargoyle (D:12)
  A komodo dragon (D:12)
  Psyche (D:8)
  2 rime drakes (D:13)
  A freezing wraith (IceCv)
  4 trolls
  Grinder (D:6)
  2 hornets
  A slime creature (D:13)
  2 wraiths
  2 wyverns
  22 yaks
  A vampire (D:10)
  6 humans (D:13)
  6 vampire mosquitoes
  A death yak simulacrum (IceCv)
  3 steam dragons
  5 large abominations (D:9)
  Grum (D:9)
  Menkaure (D:5)
  Edmund (D:5)
  2 water moccasins
  2 acid dragons
  13 orc warriors
  2 hornet zombies
  3 sky beasts
  5 ogres
  A black bear (D:11)
  2 necrophages
  13 centaurs
  3 wolves (D:9)
  3 phantoms
  Blork the orc (D:6)
  9 kobold brigands
  2 bullfrogs
  3 scorpions
  2 gnoll sergeants (D:12)
  A water moccasin zombie (D:6)
  7 small abominations (D:9)
  An elephant simulacrum (IceCv)
  6 killer bees (D:8)
  4 centaur zombies
  Crazy Yiuf (D:5)
  7 orc priests
  4 hounds
  A bullfrog skeleton (D:5)
  2 gnoll shamans (D:5)
  3 iguanas
  A polar bear simulacrum (IceCv)
  10 orc wizards
  A killer bee zombie (D:9)
  A wolf simulacrum (IceCv)
  2 howler monkey zombies
  23 gnolls
  7 adders
  A shadow imp (D:7)
  2 white imps (D:6)
  2 ufetubi
  2 adder skeletons
  3 worms
  3 dart slugs
  41 orcs
  8 endoplasms
  3 giant cockroaches
  5 goblins
  5 hobgoblins
  4 jackals
  6 quokkas
  11 ball pythons
  3 bats
  2 frilled lizards
  28 kobolds
  3 rats
370 creatures vanquished.

Vanquished Creatures (others)
  A vault guard (D:13)
  A human (D:13)
  A plant (D:11)
3 creatures vanquished.

Grand Total: 373 creatures vanquished

Notes
Turn   | Place    | Note
-------+----------+-------------------------------------------
     0 | D:1      | Peloso the Minotaur Fighter began the quest for the Orb.
     0 | D:1      | Reached XP level 1. HP: 19/19 MP: 0/0
    81 | D:1      | Found Ozaifriwn's Antique Armour Shoppe.
   192 | D:1      | Reached XP level 2. HP: 22/27 MP: 1/1
   903 | D:1      | Found a faded altar of an unknown god.
  1164 | D:2      | Reached XP level 3. HP: 33/33 MP: 2/2
  1431 | D:2      | Reached skill level 3 in Long Blades
  1778 | D:2      | Reached skill level 1 in Dodging
  1778 | D:2      | Reached XP level 4. HP: 40/40 MP: 3/3
  2316 | D:3      | Reached XP level 5. HP: 32/47 MP: 4/4
  2722 | D:4      | Reached skill level 4 in Long Blades
  2735 | D:4      | Found a staircase to the Ecumenical Temple.
  2748 | Temple   | Entered the Ecumenical Temple
  2872 | Temple   | Became a worshipper of Warmaster Okawaru
  2988 | D:4      | Reached XP level 6. HP: 43/55 MP: 5/5
  3320 | D:4      | Reached skill level 5 in Fighting
  3320 | D:4      | Reached skill level 5 in Long Blades
  3320 | D:4      | Reached skill level 5 in Shields
  3401 | D:4      | Reached * piety under Okawaru
  3402 | D:4      | Reached skill level 5 in Armour
  3626 | D:5      | Entered Level 5 of the Dungeon
  3825 | D:5      | Noticed Menkaure
  3845 | D:5      | Killed Menkaure
  3846 | D:5      | Reached skill level 6 in Long Blades
  3846 | D:5      | Reached XP level 7. HP: 14/61 MP: 6/6
  4129 | D:5      | Reached ** piety under Okawaru
  4137 | D:5      | Noticed Edmund
  4152 | D:5      | Killed Edmund
  4153 | D:5      | Reached skill level 7 in Long Blades
  4697 | D:5      | Reached XP level 8. HP: 70/70 MP: 7/7
  4798 | D:5      | Found a runed translucent door.
  4799 | D:5      | Noticed Crazy Yiuf
  4805 | D:5      | Killed Crazy Yiuf
  5546 | D:6      | Noticed Grinder
  5565 | D:6      | Reached skill level 8 in Long Blades
  5571 | D:6      | Paralysed by Grinder for 2 turns
  5575 | D:6      | Killed Grinder
  5657 | D:5      | Reached skill level 9 in Long Blades
  5859 | D:6      | Reached *** piety under Okawaru
  5989 | D:6      | Noticed Blork the orc
  5994 | D:6      | Killed Blork the orc
  6093 | D:6      | Reached XP level 9. HP: 72/78 MP: 8/8
  6413 | D:7      | Reached skill level 10 in Long Blades
  6592 | D:7      | Reached **** piety under Okawaru
  6711 | D:7      | Found a flagged portal.
  6723 | D:7      | Identified the +12 hand axe of the Enchanted Forest {vamp,
                  | rPois rCorr Dex+3}
  6727 | Bailey   | Entered a bailey
  6943 | Bailey   | Reached skill level 11 in Long Blades
  6943 | Bailey   | Reached skill level 1 in Axes
  7041 | Bailey   | Found an iron altar of Okawaru.
  7426 | D:8      | Received a gift from Okawaru
  7427 | D:8      | Reached XP level 10. HP: 77/88 MP: 9/9
  7705 | D:8      | Reached skill level 5 in Axes
  8080 | D:8      | Reached ***** piety under Okawaru
  8159 | D:8      | Noticed Psyche
  8164 | D:8      | Killed Psyche
  8166 | D:8      | Found Inoo's Overcharged Wands.
  8184 | D:8      | Identified the +4 flail "Dilenito" {vorpal, *Corrode rF++
                  | rN+}
  8391 | D:9      | Noticed Grum
  8413 | D:9      | Killed Grum
  8507 | D:9      | Identified the +1 robe of Feth {rF+ rN+ Dex+4}
  9147 | D:9      | Noticed a wizard
  9171 | D:9      | Reached XP level 11. HP: 97/97 MP: 7/10
  9179 | D:9      | Killed a wizard
  9242 | D:9      | Noticed a large abomination
  9281 | D:9      | Killed a large abomination
 10053 | D:9      | Reached skill level 1 in Stealth
 10130 | D:9      | Identified the +1 quarterstaff "Ultimatum" {drain, rF+++}
 10156 | D:10     | Entered Level 10 of the Dungeon
 10207 | D:10     | Noticed a two-headed ogre
 10212 | D:10     | Killed a two-headed ogre
 10277 | D:10     | Reached skill level 10 in Axes
 10411 | D:10     | Reached skill level 10 in Armour
 10443 | D:10     | Noticed a two-headed ogre
 10452 | D:10     | Killed a two-headed ogre
 10452 | D:10     | Received a gift from Okawaru
 10659 | D:10     | Reached skill level 1 in Invocations
 10774 | D:10     | Paralysed by a hornet for 3 turns
 11093 | D:10     | Found an ancient bone altar of Kikubaaqudgha.
 11391 | D:10     | Noticed a boulder beetle
 11423 | D:10     | Killed a boulder beetle
 11631 | D:11     | Paralysed by a hornet for 2 turns
 11862 | D:11     | Noticed a two-headed ogre
 11872 | D:11     | Killed a two-headed ogre
 11872 | D:11     | Received a gift from Okawaru
 11873 | D:11     | Reached skill level 12 in Long Blades
 12123 | D:11     | Found a staircase to the Lair.
 12133 | D:11     | Reached skill level 10 in Fighting
 12216 | D:11     | Noticed an orc knight
 12247 | D:11     | Killed an orc knight
 12344 | D:11     | Reached XP level 12. HP: 106/106 MP: 11/11
 12352 | D:11     | Found a staircase to the Orcish Mines.
 12748 | D:12     | Noticed Snorg
 12768 | D:12     | Identified the +3 pair of gloves "Picugrol" {rPois}
                  | (Okawaru gifted it to you on level 12 of the Dungeon)
 12768 | D:12     | Received a gift from Okawaru
 12768 | D:12     | Reached ****** piety under Okawaru
 13109 | D:11     | Killed Snorg
 13110 | D:11     | Reached skill level 13 in Long Blades
 13581 | D:12     | You fall into a shaft and drop 1 floor!
 13599 | D:13     | Noticed Nessos
 13611 | D:13     | Killed Nessos
 13719 | D:13     | Found a frozen archway.
 13733 | IceCv    | Entered an ice cave
 13755 | IceCv    | Found a transporter.
 13886 | IceCv    | Found a transporter.
 14331 | IceCv    | Identified the amulet "Pelijem" {RegenMP rF+ rCorr Str-2}
 14605 | D:13     | Reached skill level 14 in Long Blades
 14952 | D:13     | Identified the +0 buckler "Worustec" {rF+}
 15037 | D:13     | Noticed a boulder beetle
 15062 | D:13     | Killed a boulder beetle
 15063 | D:13     | Reached skill level 5 in Dodging
 15063 | D:13     | Noticed a boulder beetle
 15093 | D:13     | Killed a boulder beetle
 15307 | D:13     | Killed a vault guard
 15475 | D:13     | Noticed a vault guard
 15476 | D:13     | Noticed a vault guard
 15493 | D:13     | Killed a vault guard
 15494 | D:13     | Reached skill level 10 in Shields
 15494 | D:13     | Reached XP level 13. HP: 101/116 MP: 11/13
 15511 | D:13     | Received a gift from Okawaru
 15598 | D:13     | Found a gate to the Vaults.
 15687 | D:13     | Noticed Sonja
 15698 | D:13     | Killed Sonja
 15698 | D:13     | Received a gift from Okawaru
 16235 | D:12     | HP: 4/117 [20-headed hydra (4)]
 16235 | D:12     | Mangled by a 20-headed hydra

Illustrated notes

Levels and vault maps discovered:
D:1:      amcnicky_arrival_feature_with_door, layout_basic, serial_shops, shop,
          basic_ecumenical_altar
D:2:      layout_basic, hangedman_abyss_or_decor_stabs
D:3:      layout_rooms, nrook_mini_vaults
D:4:      layout_basic, minmay_temple_entry_ruins
D:5:      layout_rooms, kennysheep_big_empty_room, uniq_menkaure,
          uniq_crazy_yiuf_cottage, uniq_edmund
D:6:      layout_cave_pools, st_stairs_8, uniq_grinder, uniq_blork_the_orc
D:7:      layout_basic, enter_bailey_2
D:8:      layout_basic, nicolae_shop_overcharged_wands, uniq_psyche
D:9:      layout_basic, corner_web_ring, laboratory, uniq_grum
D:10:     layout_cave_pods, nicolae_kikubaaqudgha_miasma_corner,
          kennysheep_small_circle
D:11:     layout_rooms, grunt_lair_entry_orc_guard_hut, david_orc_5
D:12:     layout_big_octagon, uniq_snorg
D:13:     layout_stronghold, ximxim_vaults_locker_room, portal_ice_cave_rime,
          hangedman_abyss_or_decor_stagger, wad_rectangle_vault, uniq_nessos,
          uniq_sonja
Temple:   kilobyte_greek_temple

Skill      XL: |  1  2  3  4  5  6  7  8  9 10 11 12 |
---------------+-------------------------------------+-----
Fighting       | 4 5 6 8 9 10 11 | 11.6
Shields        | 4 5 6 7 9 10 | 10.4
Armour         | 4 5 7 8 9 11 12 | 12.8
Long Blades    | 3 4 6 7 9 11 12 14 | 14.5
Dodging        | 1 2 3 4 5 |  5.6
Axes           | 3 8 10 | 10.6
Stealth        | 1 2 |  2.4
Invocations    | 1 2 |  2.6
Evocations     | |  0.1

Action                   |  1- 3 |  4- 6 |  7- 9 | 10-12 | 13-15 || total
-------------------------+-------+-------+-------+-------+-------++-------
Melee: Long sword        |   105 |   122 |   234 |       |       ||   461
       Headbutt          |    17 |    19 |    66 |   159 |    23 ||   284
       Hand axe          |       |       |    58 |   282 |    17 ||   357
       Demon blade       |       |       |       |   418 |   104 ||   522
Invok: Heroism           |       |       |     4 |    22 |     5 ||    31
Evoke: Wand              |       |       |       |     1 |     3 ||     4
  Use: Scroll            |       |     7 |     9 |     7 |       ||    23
       Potion            |       |       |       |     4 |       ||     4
 Stab: Paralysed         |       |       |       |     5 |       ||     5
Armor: Scale mail        |    49 |    58 |   133 |       |       ||   240
       Chain mail        |       |       |    11 |   242 |   134 ||   387
       Plate armour      |       |       |       |   177 |       ||   177
Dodge: Dodged            |    53 |    57 |   150 |   249 |    98 ||   607
Block: Buckler           |    31 |    27 |    77 |   231 |    60 ||   426
